 Dungeon Crawl Stone Soup version 0.30-a0-743-gbfdf073431 (webtiles) character file.

Game seed: 1319793571953673418

2153 Conn the Firebug (level 9, -2/51 (53) HPs)
             Began as an Octopode Fire Elementalist on Feb 8, 2023.
             Was a Follower of Sif Muna.
             Slain by a wight
             ... wielding a +5 mace
              (9 damage)
             ... on level 8 of the Dungeon.
             The game lasted 00:19:22 (6897 turns).

Conn the Firebug (Octopode Fire Elementalist)       Turns: 6897, Time: 00:19:23

HP:   -2/51 (53)    AC:  1    Str: 20    XL:     9   Next: 31%
MP:   8/18          EV: 13    Int: 21    God:    Sif Muna [*.....]
Gold: 26            SH:  0    Dex: 12    Spells: 9/21 levels left

rFire   . . .      SeeInvis .    u - +0 flail (protect)
rCold   . . .      Faith    .    (no shield)
rNeg    . . .      Spirit   .    (helmet restricted)
rPois   +          Reflect  .    (no amulet)
rElec   .          Harm     .    d - +6 ring of strength
rCorr   .          Rampage  .    f - ring of poison resistance
Will    +....                    k - ring of willpower
Stlth   ++++                     e - +6 ring of strength
HPRegen 0.28/turn                F - ring of wizardry
MPRegen 0.16/turn                (no ring)
                                 (no ring)
                                 (no ring)

@: lightly drained
A: almost no armour, amphibious, 8 rings, camouflage 1, gelatinous body 1,
(nimble swimmer 1), tentacles
a: Renounce Religion, Channel Magic


You were on level 8 of the Dungeon.
You worshipped Sif Muna.
Sif Muna was aware of your devotion.
You visited 2 branches of the dungeon, and saw 9 of its levels.

You collected 356 gold pieces.
You spent 330 gold pieces at shops.

Inventory:

Hand Weapons
 b - a +0 short sword
 u - a +0 flail of protection (weapon)
 B - a +3 dagger
Missiles
 A - a curare-tipped dart
Jewellery
 d - a +6 ring of strength (left tentacle)
 e - a +6 ring of strength (on tentacle)
 f - a ring of poison resistance (right tentacle)
 k - a ring of willpower (on tentacle)
 F - a ring of wizardry (on tentacle)
 I - an amulet of the acrobat
Wands
 y - a wand of flame (9)
 G - a wand of charming (10)
Scrolls
 i - a scroll of fear
 j - a scroll of teleportation {unknown}
 m - a scroll of magic mapping
 p - 3 scrolls of fog {unknown}
 r - a scroll of vulnerability {unknown}
 s - a scroll of blinking {unknown}
 t - a scroll of amnesia {unknown}
 v - a scroll of immolation
 x - 2 scrolls of acquirement {unknown}
 D - a scroll of torment {unknown}
 H - a scroll of enchant armour {unknown}
Potions
 a - 3 potions of magic
 c - a potion of mutation
 g - a potion of brilliance {unknown}
 h - 5 potions of curing {unknown}
 l - 2 potions of ambrosia {unknown}
 n - 4 potions of might {unknown}
 o - a potion of resistance {unknown}
 q - a potion of heal wounds {unknown}
 w - a potion of berserk rage {unknown}
 z - 2 potions of lignification {unknown}
 C - 3 potions of degeneration {unknown}
 E - a potion of haste {unknown}
 J - a potion of attraction {unknown}


   Skills:
 + Level 1.0 Fighting
 + Level 1.3 Short Blades
 + Level 2.0 Maces & Flails
 + Level 3.3 Dodging
 + Level 5.4 Stealth
 * Level 6.5 Spellcasting
 + Level 3.6 Conjurations
 + Level 3.1 Translocations
 * Level 7.3 Fire Magic


You had 9 spell levels left.
You knew the following spells:

 Your Spells              Type           Power      Damage    Failure   Level
a - Foxfire               Conj/Fire      100%       2x1d9     1%          1
b - Blink                 Tloc           40%        N/A       1%          2
c - Inner Flame           Hex/Fire       22%        N/A       2%          3
d - Flame Wave            Conj/Fire      29%        2d9       4%          4
e - Scorch                Fire           74%        2d9       1%          2

Your spell library contained the following spells:

 Spells                   Type           Power      Damage    Failure   Level
 Kindle Blastsparks       Fire/Tloc/Air  42%        2d13      2%          3
 Manifold Assault         Tloc           20%        N/A       11%         4
 Olgreb's Toxic Radiance  Pois           6%         N/A       34%         4
 Blade Hands              Tmut           3%         N/A       67%         5
 Conjure Ball Lightning   Conj/Air       7%         3x3d6     92%         6
 Iron Shot                Conj/Erth      7%         9d2       92%         6
 Ozocubu's Refrigeration  Ice            3%         4d8       100%        7
 Storm Form               Tmut/Air       3%         N/A       100%        7
 Borgnjor's Revivificati  Necr           3%         N/A       100%        8
 Discord                  Hex            3%         N/A       100%        8
 Disjunction              Tloc           10%        N/A       100%        8
 Ignition                 Fire           18%        3d7       100%        8
 Necromutation            Tmut/Necr      3%         N/A       100%        8
 Death's Door             Necr           3%         N/A       100%        9
 Animate Armour           Summ/Erth      Unusable   N/A       N/A         4

Dungeon Overview and Level Annotations

Branches:
Dungeon (8/15)             Temple (1/1) D:6
   Lair: D:8-11

Altars:
Ashenzari
Cheibriados
Dithmenos
Elyvilon
Fedhas
Gozag
Hepliaklqana
Kikubaaqudgha
Makhleb
Nemelex Xobeh
Okawaru
Qazlal
Ru
Sif Muna
Trog
Uskayaw
Vehumet
Wu Jian
Xom
Yredelemnul
Zin
The Shining One

Shops:
D:6 *


Innate Abilities, Weirdness & Mutations

You cannot wear most types of armour.
You are amphibious.
You can wear up to eight rings at the same time.
Your skin changes colour to match your surroundings (Stealth+).
Your rubbery body absorbs attacks. (AC +1, EV +1)
((You are camouflaged when in or above water. (Stealth+)))
You have tentacles for arms and can constrict up to eight enemies at once.


Message History

You destroy the wight!
Sif Muna accepts your kill.
The flame wave engulfs the wight but does no damage.
You finish channelling waves of flame.
The wight hits you with a +3 falchion! The wight barely misses you.
Casting: Flame Wave (dangerous; 4% risk of failure)
Confirm with . or Enter, or press ? or * to list all spells.
Casting: Flame Wave (dangerous; 4% risk of failure)
Press: ? - help, Dir - look around, f - activate A wave of flame ripples out!
The flame wave engulfs the steam dragon!
The steam dragon is heavily wounded.
The flame wave engulfs the wight!
You destroy the wight!
Sif Muna accepts your kill.
The flame wave engulfs the wight!
You destroy the wight!
Sif Muna accepts your kill.
The flame wave engulfs the wight!
You destroy the wight!
Sif Muna accepts your kill. (Press . to intensify the flame waves.)
The steam dragon misses you. The steam dragon closely misses you.
A wave of flame ripples out!
The flame wave engulfs the steam dragon.
The steam dragon is severely wounded.
The flame wave engulfs the wight.
The wight is moderately damaged.
The flame wave engulfs the gnoll bouda.
The gnoll bouda is moderately wounded.
The steam dragon breathes steam at you. The ball of steam hits you!
The wight hits you with a +5 mace!
You feel drained.
Unknown command.
You are engulfed in a cloud of scalding steam.
The steam dragon misses you. The steam dragon claws you.
The gnoll bouda hits you with a +0 whip!
* * * LOW HITPOINT WARNING * * *
The wight hits you with a +5 mace!
You die...

....## # ###
..... . #.#.#.
.... .. .)....
... ...
....$.##.. ....
......... .....
.....gDz#.....#
....D #@))....#
#....##
#g##.....
.......
##h......
....... .#... .
. ......g
.......
....gg.#..#....
.....g.........
.......<........
..........##...


You could see a steam dragon (catching breath), a gnoll bouda, a howler monkey,
a wight and a gnoll.

Vanquished Creatures
  Edmund (D:4)
  A water moccasin (D:7)
  An ice beast (D:7)
  3 sky beasts
  A black bear (D:7)
  A phantom (D:6)
  A bullfrog (D:6)
  Blork the orc (D:6)
  3 kobold brigands
  A scorpion (D:6)
  4 wights (D:8)
  2 howler monkeys
  4 hounds
  2 jellies (D:6)
  2 orc priests
  3 iguanas
  4 orc wizards
  A gnoll (D:1)
  12 adders
  A shadow imp (D:5)
  2 white imps
  4 ufetubi
  3 worms (D:2)
  5 dart slugs
  26 orcs
  4 ball pythons
  4 endoplasms
  4 giant cockroaches
  7 goblins
  10 hobgoblins
  19 kobolds
  4 quokkas
  7 bats
  2 frilled lizards
  6 rats
156 creatures vanquished.

Vanquished Creatures (others)
  427 foxfires
427 creatures vanquished.

Grand Total: 583 creatures vanquished

Notes
Turn   | Place    | Note
-------+----------+-------------------------------------------
     0 | D:1      | Conn the Octopode Fire Elementalist began the quest for the
                  | Orb.
     0 | D:1      | Reached XP level 1. HP: 11/11 MP: 3/3
   222 | D:1      | Reached XP level 2. HP: 17/17 MP: 0/5
   554 | D:1      | Reached XP level 3. HP: 21/21 MP: 1/6
   850 | D:1      | Learned a level 2 spell: Scorch
   854 | D:1      | Learned a level 3 spell: Inner Flame
  1317 | D:2      | Reached XP level 4. HP: 24/27 MP: 7/7
  1872 | D:2      | Reached XP level 5. HP: 28/31 MP: 7/9
  2027 | D:2      | Reached skill level 4 in Fire Magic
  2055 | D:3      | Reached skill level 1 in Short Blades
  2515 | D:3      | Found a shadowy altar of Dithmenos.
  2799 | D:3      | Found a blossoming altar of Fedhas.
  2900 | D:4      | Reached XP level 6. HP: 37/37 MP: 3/10
  3121 | D:4      | Noticed Edmund
  3139 | D:4      | Killed Edmund
  3140 | D:4      | Reached XP level 7. HP: 20/42 MP: 4/13
  3322 | D:4      | Reached skill level 5 in Fire Magic
  3564 | D:4      | Found a hazy altar of Hepliaklqana.
  3656 | D:4      | Learned a level 4 spell: Flame Wave
  3659 | D:4      | Learned a level 2 spell: Blink
  3762 | D:5      | Entered Level 5 of the Dungeon
  3914 | D:5      | Reached skill level 1 in Translocations
  4267 | D:5      | Reached XP level 8. HP: 47/47 MP: 8/15
  4400 | D:5      | Found an ornate altar of the Wu Jian Council.
  4546 | D:5      | Found a glowing silver altar of Zin.
  4546 | D:5      | Found a bloodstained altar of Trog.
  4809 | D:6      | Found a staircase to the Ecumenical Temple.
  4812 | D:6      | Reached skill level 1 in Maces & Flails
  4812 | D:6      | Reached skill level 5 in Spellcasting
  4837 | D:6      | Reached skill level 6 in Fire Magic
  5001 | Temple   | Entered the Ecumenical Temple
  5008 | Temple   | Became a worshipper of Sif Muna the Loreminder
  5128 | D:6      | Reached skill level 5 in Stealth
  5293 | D:6      | Found Tuffiff's General Store.
  5540 | D:6      | Noticed Blork the orc
  5545 | D:6      | Killed Blork the orc
  5546 | D:6      | Reached skill level 1 in Fighting
  6231 | D:6      | Bought a ring of wizardry for 330 gold pieces
  6369 | D:7      | Reached XP level 9. HP: 45/53 MP: 8/18
  6460 | D:7      | Reached * piety under Sif Muna
  6736 | D:7      | Found a broken altar of Ashenzari.
  6840 | D:8      | Reached skill level 7 in Fire Magic
  6897 | D:8      | Slain by a wight

Illustrated notes

Levels and vault maps discovered:
D:1:      wander_arrival_desolate, layout_basic
D:2:      layout_basic, st_stairs_13
D:3:      layout_rooms, nicolae_dithmenos_shadow_blocks, lemuel_tele_altar
D:4:      layout_basic, nzn_hepliaklqana_mist_gate, uniq_edmund
D:5:      layout_loops_ring, gammafunk_temple_overflow_wave,
          nzn_wu_jian_contemplation, nicolae_nh_ransacked_shop
D:6:      layout_basic, temple_pool_b, serial_shops, shop,
          minmay_misc_feat_room, nicolae_figureground_sparkle,
          uniq_blork_the_orc
D:7:      layout_gridville, nicolae_overflow_hidden_temple
D:8:      lemuel_bear_cage, layout_cave_pools, nicolae_sextant,
          kennysheep_generic_room_10
Temple:   nicolae_temple_no_exploring_needed

Skill      XL: |  1  2  3  4  5  6  7  8  9 |
---------------+----------------------------+-----
Stealth        | 3 4 5 |  5.4
Fire Magic     | 4 5 6 7 |  7.3
Short Blades   | 1 |  1.3
Spellcasting   | 3 4 6 |  6.5
Conjurations   | 2 3 |  3.6
Translocations | 1 3 |  3.1
Maces & Flails | 1 2 |  2.0
Fighting       | 1 |  1.0
Dodging        | 3 |  3.3

Action                     |  1- 3 |  4- 6 |  7- 9 || total
---------------------------+-------+-------+-------++-------
  Melee: Unarmed           |     3 |       |       ||     3
         Constrict         |     6 |    11 |     7 ||    24
         Tentacles         |     5 |    12 |     9 ||    26
         Short sword       |    16 |    48 |       ||    64
         Punch             |     1 |     1 |       ||     2
         Flail             |       |       |    35 ||    35
   Cast: Foxfire           |    50 |    68 |   126 ||   244
         Scorch            |       |     6 |    15 ||    21
         Inner Flame       |       |     1 |     2 ||     3
         Flame Wave        |       |       |     3 ||     3
    Use: Scroll            |       |       |     5 ||     5
   Stab: Sleeping          |     5 |     7 |     3 ||    15
 Armour: Skin              |       |     4 |     9 ||    13
  Dodge: Dodged            |    11 |    26 |    38 ||    75

Table legend: (Time is in decaauts)
 A = Elapsed time spent in this place.
 B = Non-inter-level travel time spent in this place.
 C = Inter-level travel time spent in this place.
 D = Time resting spent in this place.
 E = Time spent auto-exploring this place.
 F = Levels seen in this place.
 G = Mean time per level.
                   A        B        C        D        E       F      G
               +--------+--------+--------+--------+--------+-----+--------+
         Total |   6903 |   6665 |    238 |     73 |   4875 |   9 |  767.0 |
       Dungeon |   6890 |   6652 |    238 |     73 |   4875 |   8 |  861.2 |
        Temple |     13 |     13 |      0 |      0 |      0 |   1 |   13.0 |
               +--------+--------+--------+--------+--------+-----+--------+

Top non-repeatable levels by time:
     D:6: 1504 daAuts
     D:2: 1147 daAuts
     D:4: 945 daAuts
     D:1: 897 daAuts
     D:5: 847 daAuts
     D:3: 770 daAuts
     D:7: 768 daAuts
  Temple: 13 daAuts
     D:8: 10 daAuts
